Map: Central Protocol

Players

Trunko - Winner!

  • Race: Protoss Protoss
  • League: Silver

juhyg

  • Race: Zerg Zerg
  • League: Silver

VOD

Have the link to the VOD?

Description

Time

  • Played on: Feb. 8, 2016, 12:04 a.m.
  • Length: 6:16
Show
View Real Time Build Order
Export as new Build Order

Trunko Protoss - Winner!

Build Orders:  

Get SALT Encoding   

  12  0:02  Probe (Chrono Boost)  
  13  0:17  Pylon  
  14  0:21  Probe (Chrono Boost)  
  14  0:32  Probe (Chrono Boost)  
  15  0:40  Gateway  
  15  0:42  Probe (Chrono Boost)  
  16  0:53  Probe (Chrono Boost)  
  17  0:58  Gateway  
  17  1:06  Pylon, Probe (Chrono Boost)  
  18  1:20  Gateway  
  18  1:28  Zealot  
  20  1:33  Pylon  
  20  1:47  Zealot  
  22  1:55  Zealot  
  22  2:01  Gateway  
  24  2:03  Pylon  
  24  2:08  Zealot  
  26  2:21  Gateway  
  26  2:26  Zealot  
  28  2:49  Zealot x3  
  34  2:55  Zealot  
  36  3:08  Pylon, Zealot  
  37  3:29  Zealot  
  37  3:30  Zealot x2  
  33  3:58  Zealot x3  
  33  3:59  Zealot x2  
  37  4:25  Zealot x2  
  39  4:31  Zealot x2  
  39  4:32  Zealot  
  45  4:46  Pylon  
  45  4:51  Pylon  
  45  4:53  Zealot  
  47  5:00  Zealot  
  51  5:07  Zealot  
  51  5:28  Zealot  
  53  5:30  Forge  
  53  5:41  Pylon  
  53  5:43  Zealot  
  53  5:49  Pylon  
Show
View Real Time Build Order
Export as new Build Order

juhyg Zerg 

Build Orders: Pool First 

Get SALT Encoding   

  12  0:19  Spawning Pool  
  11  0:27  Drone  
  11  0:28  Drone  
  13  0:31  Drone  
  14  0:41  Overlord  
  14  0:50  Extractor  
  14  0:51  Drone  
  14  1:04  Drone  
  14  1:09  Queen  
  17  1:14  Overlord  
  17  1:24  Drone  
  18  1:34  Zergling x2  
  19  1:50  Drone  
  21  2:01  Drone  
  21  2:06  Metabolic Boost  
  21  2:17  Roach Warren  
  21  2:18  Drone  
  21  2:34  Zergling x2  
  21  2:35  Zergling x6  
  25  2:52  Zergling x8  
  29  3:02  Zergling x2  
  30  3:16  Overlord  
  30  3:23  Overlord x2  
  30  3:24  Overlord x2  
  25  3:47  Zergling x4  
  27  3:54  Zergling x2  
  27  3:55  Zergling x4  
  26  4:18  Zergling x2  
  26  4:19  Zergling x2  
  27  4:27  Zergling x4  
  27  4:28  Zergling x4  
  32  4:38  Zergling x2  
  32  4:55  Lair  
  32  5:02  Zergling x8  
  36  5:08  Hatchery  
  29  5:33  Drone x3  
  32  5:41  Hatchery  
  31  5:52  Drone  
  32  5:58  Drone  
Tags
 
Add a new tag
Caveats
  • Supply blocks, unpowered buildings, or Contaminate may cause inaccurate times.
  • Supply counts are checked every 10 seconds.